[Event "ICC tourney 2376 (15 3)"]
[Site "Internet Chess Club"]
[Date "2021.02.06"]
[Round "4"]
[White "gravesal33"]
[Black "queen1234"]
[Result "0-1"]
[ICCResult "White checkmated"]
[WhiteElo "972"]
[BlackElo "1272"]
[Opening "Queen's gambit declined"]
[ECO "D30"]
[NIC "QP.08"]
[Time "15:15:19"]
[PlyCount "144"]
[TimeControl "900+3"]

1. d4 d5 2. c4 e6 3. Nf3 Nf6 4. e3 Nc6 5. Nc3 Be7 6. Be2 Bd7 7. O-O O-O 8.
a3 a5 9. Bd2 b6 10. Bd3 dxc4 11. Bxc4 Bd6 12. e4 e5 13. d5 Ne7 14. Bg5 Ng6
15. Bb5 h6 16. Bxd7 Qxd7 17. Bxf6 gxf6 18. a4 Qg4 19. Kh1 Nf4 20. Rg1 Bc5
21. h3 Qg6 22. Nh4 Qg5 23. Qg4 Qxg4 24. hxg4 Bxf2 25. Rgf1 Bxh4 26. Kh2 Bg5
27. Rad1 Rfd8 28. Nb5 Rd7 29. Rc1 Rc8 30. Na7 Rcd8 31. Nc6 Re8 32. Rcd1 Ng6
33. g3 Ne7 34. Nxe7+ Rexe7 35. Rf3 Kg7 36. Rfd3 Kg6 37. d6 cxd6 38. Rxd6
Rxd6 39. Rxd6 Be3 40. Rd8 Rc7 41. Rg8+ Kh7 42. Rf8 Kg7 43. Rb8 Rc2+ 44. Kh3
Rxb2 45. Rb7 Rb4 46. Kg2 Rxa4 47. Kf3 Ra1 48. Kxe3 Rb1 49. Kd2 Kg6 50. Kc2
Rb4 51. Kc3 Rxe4 52. Rxb6 Rxg4 53. Kb2 Rxg3 54. Ra6 h5 55. Rxa5 h4 56. Ra1
h3 57. Ra8 Kf5 58. Rh8 e4 59. Rh5+ Kg4 60. Rh7 Rg2+ 61. Kc3 h2 62. Rg7+ Kf3
63. Rxf7 h1=Q 64. Rxf6+ Ke3 65. Rf3+ Kxf3 66. Kd4 Qd1+ 67. Ke5 Rg5+ 68. Kf6
Ra5 69. Kf7 Qd7+ 70. Kf6 Qc6+ 71. Kg7 Ra7+ 72. Kh8 Qc8# { White checkmated
} 0-1

[Event "ICC tourney 2376 (15 3)"]
[Site "Internet Chess Club"]
[Date "2021.02.06"]
[Round "4"]
[White "MarcusB"]
[Black "nb12"]
[Result "1-0"]
[ICCResult "Black resigns"]
[WhiteElo "1343"]
[BlackElo "1220"]
[Opening "Grünfeld: 5.Bg5"]
[ECO "D91"]
[NIC "GI.08"]
[Time "15:15:33"]
[PlyCount "113"]
[TimeControl "900+3"]

1. d4 Nf6 2. Nf3 d5 3. c4 g6 4. Nc3 Bg7 5. Bg5 c6 6. e3 O-O 7. Bd3 Bg4 8.
Be2 Nbd7 9. Qb3 Nb6 10. c5 Nc4 11. Bxc4 dxc4 12. Qxc4 Bxf3 13. gxf3 Qd7 14.
O-O-O Qf5 15. f4 Rfe8 16. Bh4 Ne4 17. Nxe4 Qxe4 18. Qb4 Rab8 19. Bg3 f5 20.
h4 Qd5 21. a3 b5 22. h5 Ra8 23. Qa5 Qc4+ 24. Kb1 Bf6 25. Qc3 Qxc3 26. bxc3
a5 27. hxg6 hxg6 28. Bh4 Bxh4 29. Rxh4 Kf7 30. Rg1 Rh8 31. Rxh8 Rxh8 32.
Rg2 Ke6 33. Kc2 Kd5 34. Kb3 Ke4 35. Rxg6 Rh2 36. Re6+ Kf3 37. Rxe7 Rxf2 38.
Re6 Re2 39. Rxc6 Rxe3 40. Rh6 Kxf4 41. c6 Re8 42. a4 bxa4+ 43. Kxa4 Ke3 44.
Rh3+ Ke4 45. Kxa5 f4 46. Kb6 f3 47. Rh1 Ke3 48. c7 f2 49. Kb7 Ke2 50. c8=Q
Rxc8 51. Kxc8 Kd3 52. d5 Kxc3 53. d6 Kd2 54. d7 Ke2 55. d8=Q f1=Q 56. Rxf1
Kxf1 57. Qd4 { Black resigns } 1-0

[Event "ICC tourney 2376 (15 3)"]
[Site "Internet Chess Club"]
[Date "2021.02.06"]
[Round "4"]
[White "RoyWilkes40"]
[Black "HulkBobster"]
[Result "1/2-1/2"]
[ICCResult "Game drawn by mutual agreement"]
[WhiteElo "1054"]
[BlackElo "1330"]
[Opening "Giuoco Pianissimo: Italian four knights variation"]
[ECO "C47"]
[NIC "RG.01"]
[Time "15:15:39"]
[PlyCount "133"]
[TimeControl "900+3"]

1. e4 e5 2. Nf3 Nf6 3. Nc3 Nc6 4. Bc4 Bc5 5. d3 O-O 6. Bg5 d6 7. h3 h6 8.
Bh4 Be6 9. Bxe6 fxe6 10. O-O d5 11. exd5 exd5 12. Bxf6 Rxf6 13. Re1 Qd6 14.
Qe2 Nd4 15. Nxd4 Bxd4 16. Rf1 Raf8 17. Nb5 Qb6 18. Nxd4 Qxd4 19. c3 Qb6 20.
b3 e4 21. dxe4 dxe4 22. Rab1 Qc5 23. c4 Qd4 24. Rbd1 Qb6 25. Kh1 Rxf2 26.
Rxf2 Rxf2 27. Qxe4 Rxa2 28. Rd8+ Kf7 29. Rd7+ Kf8 30. Qf5+ Qf6 31. Rd8+ Kf7
32. Qd5+ Kg6 33. Qe4+ Qf5 34. Qe8+ Qf7 35. Qxf7+ Kxf7 36. Rd7+ Kf6 37. Rxc7
b6 38. Rc6+ Ke5 39. Rc7 g5 40. Rh7 Rb2 41. Rxh6 Rxb3 42. h4 Kf4 43. Rg6
gxh4 44. Rf6+ Kg5 45. Rf7 a5 46. Ra7 Kf4 47. c5 bxc5 48. Rxa5 Rc3 49. Ra4+
c4 50. Kh2 Ke3 51. Kh3 Kd2+ 52. Kxh4 Rc1 53. g4 c3 54. g5 c2 55. Rd4+ Kc3
56. Rd8 Rh1+ 57. Kg4 c1=Q 58. Rc8+ Kd2 59. Rxc1 Rxc1 60. g6 Rc5 61. Kf4 Kd3
62. g7 Rc8 63. Kf5 Rc5+ 64. Kf6 Rc6+ 65. Kf7 Rc7+ 66. Kg8 Rc5 67. Kh7 {
Game drawn by mutual agreement } 1/2-1/2

[Event "ICC tourney 2376 (15 3)"]
[Site "Internet Chess Club"]
[Date "2021.02.06"]
[Round "4"]
[White "PsychonautYogi"]
[Black "leonlunachen"]
[Result "1-0"]
[ICCResult "Black forfeits on time"]
[WhiteElo "1103"]
[BlackElo "1319"]
[Opening "French: advance, Paulsen attack"]
[ECO "B40"]
[NIC "SI.43"]
[Time "15:15:21"]
[PlyCount "69"]
[TimeControl "900+3"]

1. e4 c5 2. Nf3 e6 3. c3 d5 4. e5 Nc6 5. d4 Nge7 6. Bg5 h6 7. Bh4 Qc7 8.
Bb5 a6 9. Bxe7 Bxe7 10. Qa4 Bd7 11. O-O O-O 12. Bxc6 Bxc6 13. Qd1 b5 14.
Nbd2 c4 15. h3 Be8 16. Nh2 Rb8 17. f4 Bd7 18. Qh5 b4 19. Rf3 bxc3 20. bxc3
Rb2 21. Ndf1 Rfb8 22. Rg3 Kh8 23. Ng4 Bf8 24. Qxf7 g5 25. Nf6 Bg7 26. fxg5
Rf8 27. Qxd7 Qxd7 28. Nxd7 Rff2 29. gxh6 Bxh6 30. Nf6 Bg7 31. Ne3 Rxa2 32.
Rxa2 Rxa2 33. Neg4 Ra1+ 34. Kh2 a5 35. Nh6 { Black forfeits on time } 1-0

[Event "ICC tourney 2376 (15 3)"]
[Site "Internet Chess Club"]
[Date "2021.02.06"]
[Round "4"]
[White "ztraynor"]
[Black "UnkArjun"]
[Result "1-0"]
[ICCResult "Black checkmated"]
[WhiteElo "1210"]
[BlackElo "658"]
[Opening "Queen's pawn, Mason variation"]
[ECO "D00"]
[NIC "QP.08"]
[Time "15:16:07"]
[PlyCount "107"]
[TimeControl "900+3"]

1. d4 d5 2. Bf4 Nf6 3. e3 e6 4. Nf3 Nc6 5. Nbd2 Bd6 6. Bg3 O-O 7. Bd3 g6 8.
Ne5 Bxe5 9. dxe5 Nd7 10. f4 Nc5 11. h4 Nxd3+ 12. cxd3 h5 13. Bf2 d4 14. e4
Re8 15. g4 hxg4 16. Qxg4 Qe7 17. h5 f5 18. Qxg6+ Qg7 19. Qxg7+ Kxg7 20. h6+
Kh7 21. Nf3 fxe4 22. Ng5+ Kh8 23. Nxe4 Nb4 24. Kd2 Rf8 25. Nf6 c5 26. Rag1
Nd5 27. h7 Nxf6 28. exf6 Bd7 29. b4 b6 30. Rg7 Bc6 31. Rh6 Rxf6 32. Rxf6
Kxg7 33. Rxe6 Bd5 34. Re7+ Kg6 35. Bh4 Bxa2 36. bxc5 bxc5 37. Rc7 Bf7 38.
f5+ Kg7 39. f6+ Kxh7 40. Rxf7+ Kg8 41. Rc7 a5 42. Rxc5 a4 43. Kc2 a3 44.
Kb1 a2+ 45. Ka1 Ra3 46. Rc7 Rxd3 47. f7+ Kg7 48. Bf6+ Kxf6 49. f8=Q+ Ke5
50. Re7+ Kd5 51. Qd8+ Kc5 52. Rc7+ Kb6 53. Qb8+ Ka6 54. Ra7# { Black
checkmated } 1-0

[Event "ICC tourney 2376 (15 3)"]
[Site "Internet Chess Club"]
[Date "2021.02.06"]
[Round "4"]
[White "t105mm"]
[Black "bonaparte1984"]
[Result "0-1"]
[ICCResult "White checkmated"]
[WhiteElo "1090"]
[BlackElo "1333"]
[Opening "Trompowsky attack (Ruth, Opocenský opening)"]
[ECO "A45"]
[NIC "QP.07"]
[Time "15:15:24"]
[PlyCount "152"]
[TimeControl "900+3"]

1. d4 Nf6 2. Bg5 e6 3. Bxf6 Qxf6 4. Nf3 Nc6 5. e3 a6 6. a3 b5 7. Bd3 Bb7 8.
O-O Bd6 9. c3 O-O 10. e4 Qh6 11. e5 Be7 12. Qd2 Qxd2 13. Nbxd2 d6 14. Rfe1
dxe5 15. Nxe5 Nxe5 16. dxe5 Rfd8 17. Re3 c5 18. Be4 Bd5 19. Nf3 c4 20. Bxd5
Rxd5 21. h3 Bc5 22. Ree1 Rad8 23. Rab1 h6 24. g3 Rd3 25. Kg2 R8d5 26. Ra1
Bb6 27. a4 Bc7 28. axb5 Rxb5 29. Re2 a5 30. Nd4 Rd5 31. f4 Bb6 32. Nc6 Kf8
33. h4 Rd2 34. Rxd2 Rxd2+ 35. Kh3 Rxb2 36. Nxa5 Bxa5 37. Rxa5 Rb3 38. Rc5
Rxc3 39. Kg4 g6 40. h5 gxh5+ 41. Kxh5 Rxg3 42. Rxc4 Rh3+ 43. Kg4 Rh1 44.
Rc2 h5+ 45. Kg5 h4 46. Kf6 Ke8 47. Rc8+ Kd7 48. Rh8 Rf1 49. Rxh4 Ke8 50.
Rh8+ Kd7 51. Kg5 Rg1+ 52. Kf6 Rg6+ 53. Kxf7 Rg4 54. Rh5 Rxf4+ 55. Kg6 Kc6
56. Kg5 Re4 57. Kf6 Kd5 58. Rg5 Re3 59. Rh5 Rf3+ 60. Kg5 Rf5+ 61. Kg4 Rxh5
62. Kxh5 Kxe5 63. Kg4 Ke4 64. Kg3 Ke3 65. Kg2 e5 66. Kf1 e4 67. Ke1 Kd3 68.
Kd1 e3 69. Ke1 e2 70. Kf2 Kd2 71. Kf3 e1=Q 72. Kg2 Kd3 73. Kh3 Qg1 74. Kh4
Ke4 75. Kh5 Kf5 76. Kh4 Qg4# { White checkmated } 0-1

[Event "ICC tourney 2376 (15 3)"]
[Site "Internet Chess Club"]
[Date "2021.02.06"]
[Round "5"]
[White "Kokosnuss1000"]
[Black "Elin123"]
[Result "0-1"]
[ICCResult "White checkmated"]
[WhiteElo "1144"]
[BlackElo "917"]
[Opening "French: exchange variation"]
[ECO "C01"]
[NIC "FR.01"]
[Time "16:30:14"]
[PlyCount "40"]
[TimeControl "900+3"]

1. e4 e6 2. d4 d5 3. exd5 exd5 4. Bd3 Nc6 5. Nf3 Bg4 6. Be2 Qf6 7. O-O Bxf3
8. Bxf3 Nxd4 9. Re1+ Be7 10. Bxd5 Nh6 11. Bxb7 Rb8 12. Bf3 O-O 13. Bxh6
gxh6 14. Re4 Nxf3+ 15. Qxf3 Qxb2 16. h3 Bf6 17. Rg4+ Bg7 18. Qg3 Qxa1 19.
Kh2 Rxb1 20. c3 Rh1# { White checkmated } 0-1

[Event "ICC tourney 2376 (15 3)"]
[Site "Internet Chess Club"]
[Date "2021.02.06"]
[Round "5"]
[White "UnkArjun"]
[Black "iHasSkill"]
[Result "1-0"]
[ICCResult "Black resigns"]
[WhiteElo "658"]
[BlackElo "1197"]
[Opening "French: advance, Nimzovich system"]
[ECO "C02"]
[NIC "FR.03"]
[Time "16:31:09"]
[PlyCount "23"]
[TimeControl "900+3"]

1. e4 e6 2. d4 d5 3. e5 c5 4. Nf3 Nc6 5. Nc3 Qb6 6. dxc5 Bxc5 7. Na4 Bxf2+
8. Ke2 Qa5 9. b3 Bh4 10. g3 Be7 11. Bd2 Qb5+ 12. Ke1 { Black resigns } 1-0

[Event "ICC tourney 2376 (15 3)"]
[Site "Internet Chess Club"]
[Date "2021.02.06"]
[Round "5"]
[White "PokeyTurtle3454"]
[Black "anthonyiek"]
[Result "0-1"]
[ICCResult "White resigns"]
[WhiteElo "598"]
[BlackElo "1130"]
[Opening "Sicilian defense"]
[ECO "B30"]
[NIC "SI.31"]
[Time "16:30:19"]
[PlyCount "57"]
[TimeControl "900+3"]

1. e4 c5 2. Nf3 Nc6 3. Bc4 d6 4. d4 cxd4 5. Nxd4 Nxd4 6. Qxd4 e5 7. Qd5 Be6
8. Qd3 Nf6 9. Bxe6 fxe6 10. Nc3 g6 11. Bg5 Bg7 12. O-O O-O 13. Nb5 Qb6 14.
b3 h6 15. Bxf6 Bxf6 16. Nxd6 Rad8 17. Rad1 Rd7 18. c4 Rfd8 19. Qh3 Rxd6 20.
Rxd6 Rxd6 21. Qxh6 Bg7 22. Qxg6 Qc7 23. Qe8+ Bf8 24. Qg6+ Qg7 25. Qh5 Rd7
26. f4 exf4 27. Rxf4 Qd4+ 28. Kh1 Qd1+ 29. Qxd1 { White resigns } 0-1

[Event "ICC tourney 2376 (15 3)"]
[Site "Internet Chess Club"]
[Date "2021.02.06"]
[Round "5"]
[White "mfranks2021"]
[Black "ryc2009"]
[Result "0-1"]
[ICCResult "White checkmated"]
[WhiteElo "310"]
[BlackElo "659"]
[Opening "Two knights defense"]
[ECO "C55"]
[NIC "KP.02"]
[Time "16:30:25"]
[PlyCount "40"]
[TimeControl "900+3"]

1. e4 e5 2. Nf3 Nc6 3. Bc4 Nf6 4. d4 exd4 5. O-O Bc5 6. Ne5 Nxe5 7. Bb3
Nxe4 8. Qh5 O-O 9. Bxf7+ Nxf7 10. Na3 Bxa3 11. bxa3 d5 12. Rb1 Be6 13. Rb3
Rb8 14. g4 g6 15. Qh4 Qd6 16. Rh3 h6 17. g5 Nfxg5 18. Qxh6 Bxh3 19. Bb2
Nf3+ 20. Kh1 Qxh2# { White checkmated } 0-1

[Event "ICC tourney 2376 (15 3)"]
[Site "Internet Chess Club"]
[Date "2021.02.06"]
[Round "5"]
[White "Kinkajou2"]
[Black "drippy"]
[Result "0-1"]
[ICCResult "White checkmated"]
[WhiteElo "293"]
[BlackElo "786"]
[Opening "Sicilian: closed, 2...Nc6"]
[ECO "B23"]
[NIC "SI.44"]
[Time "16:30:56"]
[PlyCount "58"]
[TimeControl "900+3"]

1. e4 c5 2. Nc3 Nc6 3. Nf3 d6 4. Nd5 e6 5. Nc3 Nf6 6. Bb5 g6 7. O-O Bg7 8.
d3 O-O 9. Ng5 h6 10. Nf3 d5 11. e5 Ng4 12. Bf4 Ncxe5 13. Bxe5 Nxe5 14. Nxe5
Bxe5 15. Re1 Bxc3 16. bxc3 a6 17. Ba4 b5 18. Bb3 c4 19. dxc4 dxc4 20. Qf3
Bd7 21. Rad1 cxb3 22. cxb3 Qc8 23. Rd4 Bc6 24. Qd3 Rd8 25. Rd1 Rxd4 26.
Qxd4 Qe8 27. Qc5 Rd8 28. Rxd8 Qxd8 29. Qxc6 Qd1# { White checkmated } 0-1

[Event "ICC tourney 2376 (15 3)"]
[Site "Internet Chess Club"]
[Date "2021.02.06"]
[Round "5"]
[White "mvarshney"]
[Black "dakshchamp"]
[Result "1-0"]
[ICCResult "Black checkmated"]
[WhiteElo "503"]
[BlackElo "353"]
[Opening "Three knights game"]
[ECO "C46"]
[NIC "KP.06"]
[Time "16:30:56"]
[PlyCount "35"]
[TimeControl "900+3"]

1. e4 e5 2. Nf3 Nc6 3. Nc3 Bb4 4. Bb5 a6 5. Ba4 b5 6. Bb3 Bxc3 7. dxc3 Nf6
8. Ng5 Rf8 9. c4 Nd4 10. cxb5 Nxb3 11. axb3 Nxe4 12. Nxe4 a5 13. O-O Qh4
14. Re1 d5 15. Qxd5 Ra7 16. Nc5 Bf5 17. Rxe5+ Be6 18. Qd7# { Black
checkmated } 1-0

[Event "ICC tourney 2376 (15 3)"]
[Site "Internet Chess Club"]
[Date "2021.02.06"]
[Round "5"]
[White "TheInterMitten"]
[Black "GrayMatter552"]
[Result "1-0"]
[ICCResult "Black checkmated"]
[WhiteElo "188"]
[BlackElo "945"]
[Opening "Lengfellner system"]
[ECO "B07"]
[NIC "VO.17"]
[Time "16:30:18"]
[PlyCount "59"]
[TimeControl "900+3"]

1. e4 d6 2. d4 e6 3. Nf3 Nf6 4. Nc3 Nbd7 5. Be3 g6 6. Bc4 Bg7 7. O-O h6 8.
Qd2 g5 9. e5 dxe5 10. Nxe5 Nxe5 11. dxe5 Qxd2 12. Bxd2 Nd7 13. Nb5 Rb8 14.
Nxc7+ Kd8 15. Nb5 Bxe5 16. c3 Nc5 17. Nxa7 Bd7 18. Nb5 Ke7 19. Be3 Ne4 20.
Nd4 f5 21. Nf3 Kf6 22. Nxe5 Kxe5 23. Bd4+ Kf4 24. g3+ Kg4 25. Be2+ Kh3 26.
Bxh8 Rxh8 27. Rad1 Bc6 28. Rfe1 h5 29. f3 Nf6 30. Bf1# { Black checkmated }
1-0

[Event "ICC tourney 2376 (15 3)"]
[Site "Internet Chess Club"]
[Date "2021.02.06"]
[Round "5"]
[White "BryBro"]
[Black "Aurex"]
[Result "1-0"]
[ICCResult "Black checkmated"]
[WhiteElo "1091"]
[BlackElo "583"]
[Opening "Hungarian defense"]
[ECO "C50"]
[NIC "IG.03"]
[Time "16:30:31"]
[PlyCount "93"]
[TimeControl "900+3"]

1. e4 e5 2. Nf3 Nc6 3. Bc4 Be7 4. Nc3 Nf6 5. d3 O-O 6. O-O d6 7. h3 Nd4 8.
Be3 Bd7 9. Nxd4 exd4 10. Bxd4 c5 11. Be3 Rb8 12. Re1 a6 13. a4 Qe8 14. Bd5
Nxd5 15. Nxd5 Bc6 16. Nxe7+ Qxe7 17. Qg4 Bd7 18. Qg3 g6 19. Bg5 Qe6 20. Bf4
Qf6 21. Bxd6 Qxb2 22. Bxb8 Qxc2 23. Bf4 Qc3 24. Rec1 Qb2 25. Be5 Qb6 26. a5
Qd8 27. Qe3 Qe7 28. Qxc5 Qe6 29. Qd5 Qe7 30. Bd6 Qf6 31. Bxf8 Bc6 32. Qc5
Qd8 33. Qd6 Qxf8 34. Qxf8+ Kxf8 35. Rxc6 bxc6 36. Rc1 Ke7 37. Rxc6 Kd7 38.
Rxa6 Ke7 39. Rb6 Kd7 40. a6 Kc7 41. a7 Kxb6 42. a8=Q Kc7 43. Qa5+ Kd6 44.
Kh2 Ke6 45. Kg3 h5 46. d4 Kf6 47. Qe5# { Black checkmated } 1-0

[Event "ICC tourney 2376 (15 3)"]
[Site "Internet Chess Club"]
[Date "2021.02.06"]
[Round "5"]
[White "abasilio5"]
[Black "coderboy123"]
[Result "1-0"]
[ICCResult "Black resigns"]
[WhiteElo "973"]
[BlackElo "1241"]
[Opening "Sicilian defense"]
[ECO "B20"]
[NIC "SI.48"]
[Time "16:31:09"]
[PlyCount "33"]
[TimeControl "900+3"]

1. e4 c5 2. Bc4 e6 3. Nf3 Nc6 4. d3 d5 5. exd5 exd5 6. Qe2+ Be6 7. Bb5 a6
8. Bxc6+ bxc6 9. Bf4 Nf6 10. O-O Be7 11. Ng5 Bd7 12. Bd6 h6 13. Re1 Bg4 14.
Qxe7+ Qxe7 15. Rxe7+ Kd8 16. Nxf7+ Kc8 17. Nxh8 { Black resigns } 1-0

[Event "ICC tourney 2376 (15 3)"]
[Site "Internet Chess Club"]
[Date "2021.02.06"]
[Round "5"]
[White "SalvadorGabriel"]
[Black "SlickSmith"]
[Result "0-1"]
[ICCResult "White resigns"]
[WhiteElo "772"]
[BlackElo "1316"]
[Opening "Van't Kruijs opening"]
[ECO "A00"]
[Time "16:30:36"]
[PlyCount "92"]
[TimeControl "900+3"]

1. e3 d5 2. e4 dxe4 3. Nc3 Nf6 4. d3 exd3 5. cxd3 Nc6 6. Nf3 Bg4 7. g3 e6
8. Bg2 Bc5 9. O-O O-O 10. a3 Nd4 11. b4 Nxf3+ 12. Bxf3 Bxf3 13. Qxf3 Bd4
14. Bb2 c6 15. Nd1 Bxb2 16. Nxb2 Qd5 17. Qxd5 Nxd5 18. d4 Rad8 19. Nd3 Nb6
20. a4 Rxd4 21. Nc5 Rxb4 22. a5 Nd5 23. Nxb7 Rxb7 24. a6 Rb6 25. h4 Rfb8
26. h5 h6 27. Rfc1 Kf8 28. Kf1 Ke7 29. g4 Kd7 30. f3 Rb3 31. Kg2 Re3 32.
Rd1 Rbb3 33. Kf2 Rxf3+ 34. Ke2 Rbe3+ 35. Kd2 Rd3+ 36. Ke2 Rxd1 37. Rxd1 Rf4
38. g5 hxg5 39. h6 gxh6 40. Rd3 h5 41. Rd2 h4 42. Rd3 Rf6 43. Rd4 h3 44.
Rd1 g4 45. Rd2 h2 46. Rd1 g3 { White resigns } 0-1

[Event "ICC tourney 2376 (15 3)"]
[Site "Internet Chess Club"]
[Date "2021.02.06"]
[Round "5"]
[White "AchyutE"]
[Black "bwbingyi"]
[Result "0-1"]
[ICCResult "White checkmated"]
[WhiteElo "474"]
[BlackElo "101"]
[Opening "Sicilian defense"]
[ECO "B30"]
[NIC "SI.31"]
[Time "16:30:22"]
[PlyCount "108"]
[TimeControl "900+3"]

1. e4 c5 2. Nf3 Nc6 3. Bc4 e5 4. d3 Nd4 5. Ng5 h6 6. Nxf7 Qa5+ 7. Bd2 Qb6
8. Nxh8 d6 9. O-O Qxb2 10. Bc3 Qb6 11. Bxg8 Bd7 12. Qh5+ Kd8 13. Bxd4 cxd4
14. Qh4+ Be7 15. Qg3 Qb2 16. Nd2 Qxc2 17. Nf3 Qxd3 18. Qxg7 Bc8 19. Bf7
Qxe4 20. Qg8+ Kc7 21. Rac1+ Kb6 22. Rfe1 Qd3 23. Re2 Qxe2 24. Re1 Qb2 25.
Bg6 d5 26. Rb1 Qxb1+ 27. Bxb1 a5 28. h4 e4 29. Nh2 Kc7 30. Qg7 Kd7 31. Qxh6
Ra6 32. f3 Rxh6 33. fxe4 dxe4 34. Nf7 Rb6 35. Bxe4 Bxh4 36. g4 Ke7 37. Nf3
Bxg4 38. Nxh4 Kxf7 39. Kg2 Rb2+ 40. Kg3 Be6 41. a4 Rb3+ 42. Kf4 Rb4 43.
Bg6+ Kf6 44. Be4 Rxa4 45. Bxb7 d3+ 46. Be4 d2 47. Kf3 d1=Q+ 48. Ke3 Qe1+
49. Kf4 Qxh4+ 50. Ke3 Qxe4+ 51. Kd2 Ra3 52. Kc1 Qg2 53. Kb1 Rh3 54. Ka1
Rh1# { White checkmated } 0-1

[Event "ICC tourney 2376 (15 3)"]
[Site "Internet Chess Club"]
[Date "2021.02.06"]
[Round "5"]
[White "akhilsd"]
[Black "ibiwisi"]
[Result "1-0"]
[ICCResult "Black checkmated"]
[WhiteElo "900"]
[BlackElo "1383"]
[Opening "French: exchange, Svenonius variation"]
[ECO "C01"]
[NIC "FR.01"]
[Time "16:30:22"]
[PlyCount "57"]
[TimeControl "900+3"]

1. e4 e6 2. d4 d5 3. exd5 exd5 4. Nc3 Nf6 5. Bg5 Bb4 6. a3 Ba5 7. b4 Bb6 8.
Nf3 O-O 9. Bxf6 Qxf6 10. Nxd5 Qd6 11. Nxb6 Qxb6 12. Bd3 Re8+ 13. Be2 Bg4
14. O-O Nd7 15. Re1 Nf6 16. h3 Bh5 17. c4 c6 18. c5 Qc7 19. Bc4 Nd5 20. Qb3
Rad8 21. Rxe8+ Rxe8 22. Bxd5 cxd5 23. Qxd5 Bg6 24. Ne5 Bc2 25. Rc1 Ba4 26.
Rc3 Kf8 27. Rf3 Bc6 28. Rxf7+ Qxf7 29. Qxf7# { Black checkmated } 1-0

[Event "ICC tourney 2376 (15 3)"]
[Site "Internet Chess Club"]
[Date "2021.02.06"]
[Round "5"]
[White "cxusanderson"]
[Black "t105mm"]
[Result "0-1"]
[ICCResult "White checkmated"]
[WhiteElo "1197"]
[BlackElo "1090"]
[Opening "Sicilian"]
[ECO "B50"]
[NIC "SI.01"]
[Time "16:30:30"]
[PlyCount "58"]
[TimeControl "900+3"]

1. e4 c5 2. Nf3 d6 3. h3 Nf6 4. Nc3 a6 5. Bc4 e6 6. O-O Be7 7. e5 dxe5 8.
Nxe5 Qd4 9. Nf3 Qxc4 10. d3 Qb4 11. a3 Qa5 12. Bd2 Qc7 13. Re1 O-O 14. d4
Nbd7 15. dxc5 Bxc5 16. Nh2 Bxf2+ 17. Kxf2 Qxh2 18. Rh1 Qc7 19. Qf3 Ne5 20.
Qe2 b6 21. Bf4 Qc5+ 22. Kf1 Nc4 23. b3 Nd6 24. Qd3 e5 25. Bg3 a5 26. Re1
Ba6 27. Nb5 Bxb5 28. c4 Nxc4 29. Qf5 Nd2# { White checkmated } 0-1

[Event "ICC tourney 2376 (15 3)"]
[Site "Internet Chess Club"]
[Date "2021.02.06"]
[Round "5"]
[White "JackDarden"]
[Black "deadmemes"]
[Result "1-0"]
[ICCResult "Black resigns"]
[WhiteElo "360"]
[BlackElo "619"]
[Opening "King's gambit"]
[ECO "C30"]
[NIC "KG.05"]
[Time "16:31:09"]
[PlyCount "57"]
[TimeControl "900+3"]

1. e4 e5 2. f4 Nc6 3. d3 d6 4. Nc3 exf4 5. Bxf4 Nf6 6. Nf3 Be6 7. Be2 d5 8.
e5 Nd7 9. d4 Be7 10. O-O O-O 11. Qd2 Nb4 12. Ng5 Bf5 13. Bd3 Nxd3 14. cxd3
Nb6 15. Bg3 c6 16. Rxf5 h6 17. Nh3 Qd7 18. Raf1 Qe6 19. a3 Bg5 20. Nxg5
hxg5 21. b4 f6 22. b5 cxb5 23. Nxb5 Rae8 24. Nc7 Qxf5 25. Rxf5 Rc8 26. exf6
gxf6 27. Qf2 Rxc7 28. Bxc7 Nd7 29. Bd6 { Black resigns } 1-0

[Event "ICC tourney 2376 (15 3)"]
[Site "Internet Chess Club"]
[Date "2021.02.06"]
[Round "5"]
[White "SamPozen"]
[Black "RoyWilkes40"]
[Result "1-0"]
[ICCResult "Black checkmated"]
[WhiteElo "1293"]
[BlackElo "1054"]
[Opening "Giuoco Piano"]
[ECO "C54"]
[NIC "IG.02"]
[Time "16:30:29"]
[PlyCount "107"]
[TimeControl "900+3"]

1. e4 e5 2. Nf3 Nc6 3. Bc4 Bc5 4. c3 Nf6 5. d4 exd4 6. e5 Ng8 7. cxd4 Bb4+
8. Nc3 d6 9. d5 Nxe5 10. Qa4+ Bd7 11. Qxb4 a6 12. Nxe5 dxe5 13. O-O b5 14.
Bb3 Qf6 15. Bc2 Ne7 16. a4 bxa4 17. Bxa4 Bxa4 18. Qxa4+ c6 19. dxc6 Nxc6
20. Nd5 Qd6 21. Rd1 O-O 22. Qxc6 Qxc6 23. Ne7+ Kh8 24. Nxc6 Rac8 25. Nxe5
Rc5 26. Nd7 Rd8 27. Be3 Rb5 28. Rxa6 Rb7 29. Rad6 Rxb2 30. h3 h6 31. Ne5
Rxd6 32. Nxf7+ Kg8 33. Nxd6 Kf8 34. Bc5 Kg8 35. Ne4 Re2 36. Ng3 Re5 37.
Rd8+ Kh7 38. Bd4 Re1+ 39. Kh2 Rd1 40. Rd7 Kh8 41. Bxg7+ Kg8 42. Rxd1 Kxg7
43. Nf5+ Kf6 44. Nxh6 Kg6 45. Rd6+ Kg7 46. g4 Kh7 47. g5 Kg7 48. Kg3 Kh7
49. f4 Kg7 50. f5 Kh7 51. f6 Kg6 52. f7+ Kxg5 53. f8=Q Kh5 54. Qf5# { Black
checkmated } 1-0

[Event "ICC tourney 2376 (15 3)"]
[Site "Internet Chess Club"]
[Date "2021.02.06"]
[Round "5"]
[White "ztraynor"]
[Black "greasyaluminum"]
[Result "0-1"]
[ICCResult "White checkmated"]
[WhiteElo "1210"]
[BlackElo "1364"]
[Opening "Queen's pawn, Mason variation"]
[ECO "D00"]
[NIC "QP.08"]
[Time "16:30:18"]
[PlyCount "104"]
[TimeControl "900+3"]

1. d4 d5 2. Bf4 e6 3. e3 Nf6 4. Nf3 Be7 5. h3 Nbd7 6. Nbd2 O-O 7. Bd3 c5 8.
c3 cxd4 9. exd4 Re8 10. Ne5 Nxe5 11. dxe5 Nd7 12. Nf3 f6 13. h4 fxe5 14.
Nxe5 Nxe5 15. Bxh7+ Kxh7 16. Qh5+ Kg8 17. Bxe5 Rf8 18. Qg6 Bf6 19. Bf4
Bxc3+ 20. bxc3 Rxf4 21. h5 Qf6 22. Qe8+ Kh7 23. O-O Qf7 24. Qxf7 Rxf7 25.
g4 Bd7 26. g5 Rf5 27. f4 Raf8 28. Rab1 b6 29. Rbe1 Rxf4 30. Rxf4 Rxf4 31.
Re5 Rf5 32. g6+ Kh6 33. Re2 Kxh5 34. Kh2 Kxg6 35. Rc2 Kf6 36. c4 d4 37. c5
Rxc5 38. Rf2+ Ke7 39. Rg2 g5 40. Kh3 Bb5 41. Rd2 d3 42. Kg4 Rc2 43. Rd1 d2
44. Kxg5 Be2 45. Rh1 d1=Q 46. Rh7+ Kd6 47. Rxa7 Qd2+ 48. Kh4 Rc4+ 49. Kg3
Qe3+ 50. Kg2 Qf3+ 51. Kh2 Rh4+ 52. Kg1 Rh1# { White checkmated } 0-1

[Event "ICC tourney 2376 (15 3)"]
[Site "Internet Chess Club"]
[Date "2021.02.06"]
[Round "5"]
[White "Rhyanma"]
[Black "mewto12345"]
[Result "0-1"]
[ICCResult "White checkmated"]
[WhiteElo "1124"]
[BlackElo "1337"]
[Opening "QGD Slav defense"]
[ECO "D10"]
[NIC "SL.01"]
[Time "16:30:26"]
[PlyCount "138"]
[TimeControl "900+3"]

1. d4 d5 2. c4 c6 3. Nc3 Nf6 4. e3 Bf5 5. Nf3 e6 6. Bd3 Bxd3 7. Qxd3 Bb4 8.
a3 Bxc3+ 9. Qxc3 O-O 10. cxd5 exd5 11. O-O Nbd7 12. b3 Ne4 13. Qc2 Qb6 14.
Bb2 Ndf6 15. Ne5 Rfe8 16. b4 a5 17. Rfb1 axb4 18. axb4 Qxb4 19. Ba3 Qd2 20.
Qxd2 Nxd2 21. Rxb7 Reb8 22. Rxb8+ Rxb8 23. Nxc6 Ra8 24. h3 Nc4 25. Ne7+ Kh8
26. Bb2 Re8 27. Nf5 Nxb2 28. Rb1 Nc4 29. Rb7 Rf8 30. Kf1 g6 31. Ng3 Kg7 32.
Ke2 Ra8 33. e4 Nxe4 34. Nxe4 dxe4 35. Rb4 Ra2+ 36. Ke1 Nd6 37. d5 Ra5 38.
Rd4 Kf6 39. Ke2 Ke5 40. Rd1 Rxd5 41. Rxd5+ Kxd5 42. Ke3 f5 43. g3 Ke5 44.
g4 Nc4+ 45. Ke2 fxg4 46. hxg4 Kf4 47. Kf1 Kxg4 48. Kg2 h5 49. f3+ exf3+ 50.
Kf2 h4 51. Kg1 Kg3 52. Kf1 f2 53. Ke2 Kg2 54. Kd3 f1=Q+ 55. Ke4 Qf2 56. Kd5
Qe3 57. Kc6 Qd4 58. Kc7 Ne3 59. Kc6 Nf1 60. Kb5 Qc3 61. Kb6 Qc4 62. Kb7 Qc5
63. Kb8 Qc6 64. Ka7 Qb5 65. Ka8 Kf3 66. Ka7 Ke4 67. Ka8 Kd5 68. Ka7 Kc6 69.
Ka8 Qb7# { White checkmated } 0-1